[Event "*** Qualifier 4: Titled Tuesday 3|2 Blitz"]
[Site "Chess.com"]
[Date "2017.04.25"]
[Round "2"]
[White "Lord_Neezy"]
[Black "ehrenfeld"]
[Result "0-1"]
[WhiteElo "2183"]
[BlackElo "2378"]
[TimeControl "180+2"]
[EndTime "13:22:27 PDT"]
[Termination "ehrenfeld won by resignation"]

1. e4 d6 2. d4 g6 3. Nc3 Bg7 4.
Nge2 a6 5. a4 b6 6. g3 Nd7 7.
Bg2 Bb7 8. O-O c5 9. Be3 Rb8 10. d5 Ngf6 11. h3 O-O 12. Qd2 Re8 13. g4 Qc7 14. Ng3 Ne5 15. Qe2 h6 16. f4 Ned7 17. f5 e6 18. fxg6 fxg6 19. Qd2 Kh7 20. Rf2 exd5 21.
exd5 Ne5 22. Bf4 Re7 23. Raf1 Rbe8 24. g5 Ng8 25. gxh6 Nxh6 26. Nge4 Nef7 27. Kh1 Bc8 28. Ng3 Ne5 29. Nce4 Nef7 30. Ng5+ Nxg5 31. Bxg5 Rf7 32.
Ne4 Rxf2 33. Rxf2 Nf5 34. Nf6+ Bxf6 35. Bxf6 Bb7 36. Qg5 Qd7 37. Bc3 Qe7 38. Qf4 Qe3 39. Kh2 Qxf4+ 40. Rxf4 Re2 41. h4 Bxd5 42. Kh3 Bxg2+ 43.
Kg4 Re4 44. b3 Rxf4+ 45. Kxf4 Bf1 46. h5 Be2 47. hxg6+ Kxg6 48. Bd2 Bd1 49. b4 Bxc2 50. bxc5 bxc5 51. a5 d5 52. Ke5 d4 53. Kd5 d3 54.
Kxc5 Nh4 55. Kc4 Nf3 56. Bc3 Kf5 57. Kc5 d2 58. Kb6 d1=Q 59. Bb4 Qd3 0-1

[Event "*** Qualifier 4: Titled Tuesday 3|2 Blitz"]
[Site "Chess.com"]
[Date "2017.04.25"]
[Round "2"]
[White "Alexander_Donchenko"]
[Black "kreonx"]
[Result "0-1"]
[WhiteElo "2498"]
[BlackElo "2229"]
[TimeControl "180+2"]
[EndTime "13:22:28 PDT"]
[Termination "kreonx won on time"]

1. e4 c6 2. d4 d5 3. e5 c5 4.
dxc5 Nc6 5. Nf3 Bg4 6. Bb5 e6 7. b4 a5 8. c3 Ne7 9. Be3 Bxf3 10.
Qxf3 Nf5 11. O-O Be7 12. g4 Nxe3 13. Qxe3 O-O 14. Bxc6 bxc6 15. Qd4 Qc7 16. Nd2 f6 17. Nf3 axb4 18. cxb4 Ra3 19. Qf4 fxe5 20. Qxe5 Qd7 21. Nd4 Bf6 22. Qxe6+ Qxe6 23. Nxe6 Bxa1 24. Nxf8 Bc3 25.
Ne6 Rxa2 26. b5 cxb5 27. Rc1 d4 28. c6 Ra8 29. c7 Rc8 30. f4 b4 31. Kf1 d3 32. Rd1 d2 33. Ke2 Kf7 34. f5 g6 35.
Rf1 gxf5 36. gxf5 Kf6 37. Kd3 h5 38. Kc2 Ke7 39. Nf4 Kd6 40. Ne6 Ke7 41. h3 Kf6 42. Nf4 Ke5 43. Ne6 Kf6 44. Nf4 Ke5 45. Nd3+ Kd6 46.
f6 Rxc7 47. f7 Bf6+ 48. Kxd2 Rxf7 49. Ke2 Re7+ 50. Kf3 Bc3 51. Rd1 Kc6 0-1

[Event "*** Qualifier 4: Titled Tuesday 3|2 Blitz"]
[Site "Chess.com"]
[Date "2017.04.25"]
[Round "2"]
[White "iturrizaga"]
[Black "Marcus_Harvey"]
[Result "0-1"]
[WhiteElo "2646"]
[BlackElo "2517"]
[TimeControl "180+2"]
[EndTime "13:22:37 PDT"]
[Termination "Marcus_Harvey won by resignation"]

1. Nf3 e6 2. c4 f5 3. Nc3 Nf6 4. g3 Be7 5. Bg2 O-O 6. O-O d6 7. d3 e5 8. b4 Qe8 9. e3 Qh5 10. Nd2 Qh6 11. Nb3 Nbd7 12. f4 exf4 13. exf4 Re8 14. Re1 Nf8 15. Bb2 c6 16. b5 Bd7 17.
Na5 Bd8 18. Nxb7 Bb6+ 19. c5 Rxe1+ 20. Qxe1 Re8 21. cxb6 Rxe1+ 22. Rxe1 axb6 23. bxc6 Ng4 24. h4 Qf6 25. Bd5+ Be6 26. Nd1 Qe7 27. Ba3 Qf6 28.
Bb2 Qe7 29. Nf2 Nf6 30. Bxf6 gxf6 31. d4 Qc7 32. Rxe6 Nxe6 33. Bxe6+ Kg7 34. d5 b5 35. Bxf5 h5 36. Be6 b4 37. Kg2 f5 38. Bxf5 Qb6 39. Nxd6 Qc5 40. Be6 Qxd6 41. Ne4 Qc7 42. Bd7 Qa5 43.
Be6 Qxa2+ 44. Kh3 Qb1 45. g4 Qxe4 46. gxh5 Qf3+ 47. Kh2 Qe2+ 48. Kg3 Qd3+ 49. Kg4 Qd1+ 50. Kg5 Qg1+ 51. Bg4 Qc5 52. h6+ Kh8 53. Be6 b3 54. Kf6 b2 55. Bf5 Qxd5 0-1

[Event "*** Qualifier 4: Titled Tuesday 3|2 Blitz"]
[Site "Chess.com"]
[Date "2017.04.25"]
[Round "2"]
[White "biostatistician"]
[Black "tigra"]
[Result "0-1"]
[WhiteElo "2438"]
[BlackElo "2597"]
[TimeControl "180+2"]
[EndTime "13:22:43 PDT"]
[Termination "tigra won by resignation"]

1. d4 Nf6 2. Nf3 g6 3. c4 Bg7 4.
Nc3 d5 5. cxd5 Nxd5 6. e4 Nxc3 7.
bxc3 c5 8. Be3 Nc6 9. Rc1 cxd4 10. cxd4 Qa5+ 11. Qd2 O-O 12. Qxa5 Nxa5 13. Bd3 Be6 14.
Ke2 Rfc8 15. d5 Bd7 16. Nd4 e6 17. dxe6 fxe6 18. Nb5 b6 19. Rxc8+ Bxc8 20. Rc1 Ba6 21. Rc7 Be5 22. Rxa7 Rxa7 23. Nxa7 Nc4 24. Nc6 Bxh2 25. g3 Nxe3 26. Bxa6 Ng4 27. Kf3 h5 28. Bc4 Kf7 29. Nd8+ Ke7 30. Nc6+ Kd6 31. Bb5 Bg1 32. e5+ Kc5 33.
Nd8 Kxb5 34. Nxe6 Bxf2 35. Nf4 Kc6 36. Nxg6 Be1 37. e6 Kd6 38. e7 Kd7 39. Nf4 Ne5+ 40. Ke4 Nc6 41. Nxh5 Nxe7 42. Kd4 Kd6 43. Kc4 Bf2 44. a4 Nd5 45. Kb5 Bc5 46. Ng7 Nc3+ 47. Kc4 Nxa4 48. g4 Kc6 49. g5 b5+ 50. Kb3 Be7 51. g6 Nc5+ 52. Kc2 Bf8 53. Nf5 Ne6 54. Kb3 Kc5 55. Ng3 Bg7 56. Nf5 Nd4+ 57. Nxd4 Bxd4 0-1

[Event "*** Qualifier 4: Titled Tuesday 3|2 Blitz"]
[Site "Chess.com"]
[Date "2017.04.25"]
[Round "2"]
[White "woodhy"]
[Black "DanielNaroditsky"]
[Result "1-0"]
[WhiteElo "2401"]
[BlackElo "2698"]
[TimeControl "180+2"]
[EndTime "13:22:43 PDT"]
[Termination "woodhy won by resignation"]

1. e4 e5 2. Nf3 Nc6 3. Bb5 a6 4. Bxc6 dxc6 5. O-O f6 6. c3 Bg4 7. h3 Bh5 8. Qe2 Bd6 9. d4 Qe7 10. Re1 O-O-O 11. Qd3 g5 12. Nh2 Bg6 13. Nd2 exd4 14.
cxd4 Bxh2+ 15. Kxh2 Qd6+ 16. Kg1 Qxd4 17. Qf3 Ne7 18. Nb3 Qe5 19. Bd2 Rhf8 20. Bc3 Qe6 21. Nc5 Qc4 22. Qg4+ Kb8 23. Nd7+ Rxd7 24. Qxd7 Nc8 25.
e5 f5 26. e6 Nb6 27. Qg7 Re8 28. Be5 Nd5 29. Qd7 Re7 30. Qd8+ Ka7 31. Bxc7 Rxc7 32. e7 Qd4 33. Rad1 Qc5 34. e8=Q Bxe8 35. Rxe8 f4 36.
Rd3 Qc2 37. Rb3 Qxb3 38. axb3 h6 39. Qb8+ Kb6 40. Re6 Rd7 41. Rxh6 Nb4 42. Qe5 Rd5 43. Qe7 Rd1+ 44. Kh2 Nd5 45. Qd8+ Kb5 46. Rh7 b6 47. Rb7 Rd2 48. Rxb6+ Kc5 49. Rxa6 Rxf2 50. Qa5+ Kd4 51. Qe1 Rxb2 52. Ra4+ Kd3 53. Qd1+ Ke3 54. Qd4+ 1-0

[Event "*** Qualifier 4: Titled Tuesday 3|2 Blitz"]
[Site "Chess.com"]
[Date "2017.04.25"]
[Round "2"]
[White "Beca95"]
[Black "1stSecond"]
[Result "1-0"]
[WhiteElo "2686"]
[BlackElo "2485"]
[TimeControl "180+2"]
[EndTime "13:22:45 PDT"]
[Termination "Beca95 won by resignation"]

1. d4 Nf6 2. c4 e6 3. Nc3 Bb4 4.
Nf3 b6 5. Bg5 Bb7 6. Nd2 h6 7. Bh4 Bxc3 8. bxc3 d6 9. e3 Nbd7 10.
f3 Qe7 11. Bd3 e5 12. Qe2 O-O 13. e4 Rfe8 14. O-O g5 15. Bf2 Nf8 16. g3 Ne6 17.
Rfe1 c5 18. d5 Nf8 19. Nf1 Bc8 20. Ne3 Ng6 21. Kh1 Qf8 22. Bc2 h5 23. Rg1 Qh6 24.
a4 Kh7 25. a5 Bd7 26. Ba4 Ne7 27. Rgb1 Reb8 28. Bc2 h4 29. g4 Ng6 30. Qd1 Nf4 31. Rb3 Qf8 32. Qc1 Qc8 33. Rba3 b5 34. cxb5 Bxb5 35.
c4 Bd7 36. Qd1 Rb2 37. Be1 Rab8 38. Bc3 R2b7 39. Kg1 a6 40. Kf2 Qc7 41. Ke1 Ne8 42.
Kd2 Qd8 43. Rb1 Rxb1 44. Bxb1 Nc7 45. Bc2 Qf6 46. Nf5 Bxf5 47. exf5 Qd8 48. Rb3 Rxb3 49. Bxb3 Qb8 50. Bc2 Kg7 51. f6+ Kxf6 52. Qe1 Ne8 53.
Qe4 Qc8 54. Qh7 Ng6 55. Qg8 Qd7 56. Bf5 Qe7 57. Kc2 Qf8 58. Qh7 Qg7 59. Qxg7+ Kxg7 60. Bd2 Kf6 61. Bc8 Nc7 62. Kd3 Ne7 63. Bb7 Kg6 64. Be3 f5 65. Bxc5 e4+ 66. fxe4 fxe4+ 67. Kxe4 dxc5 68.
d6 Ne8 69. dxe7 Kf6 70. Bxa6 Kxe7 71. Ke5 Nf6 72. Bc8 Ne8 73. a6 Nc7 74. a7 Kd8 75.
Bb7 Kd7 76. Bd5 1-0

[Event "*** Qualifier 4: Titled Tuesday 3|2 Blitz"]
[Site "Chess.com"]
[Date "2017.04.25"]
[Round "2"]
[White "Elshan1985"]
[Black "Fandorine"]
[Result "0-1"]
[WhiteElo "2489"]
[BlackElo "2698"]
[TimeControl "180+2"]
[EndTime "13:22:47 PDT"]
[Termination "Fandorine won by resignation"]

1. d4 Nf6 2. Nf3 b6 3. c4 Bb7 4. Nc3 e6 5. a3 g6 6. Bg5 Bg7 7.
Qc2 h6 8. Bh4 d6 9. e4 g5 10.
Bg3 Nh5 11. Rd1 Nd7 12. d5 Nxg3 13. hxg3 Qe7 14. Be2 a6 15. Nd4 Ne5 16. Qa4+ Qd7 17. Qxd7+ Kxd7 18. f4 Ng6 19. Bh5 Bxd4 20. Rxd4 e5 21.
Rd2 exf4 22. O-O Ne5 23. gxf4 gxf4 24. Rxf4 Ke7 25. Rdf2 Rh7 26. Nd1 Rg8 27. Ne3 Bc8 28. Be2 h5 29. Kh2 h4 30. b3 Rg3 31. Rxh4 Rxh4+ 32. Kxg3 Rxe4 33. Nc2 Bg4 34. Bf1 Bd1 35. b4 Bxc2 36.
Rxc2 Re3+ 37. Kf4 Rxa3 38. c5 Ra4 39. Kf5 Rxb4 40. cxb6 cxb6 41. Bxa6 Ng6 42. Rc7+ Kf8 43. g3 Ne7+ 44. Kg5 Rd4 45. Bc4 b5 46. Ba2 Rd2 47. Ra7 Rd3 48. g4 b4 49. Rb7 Rd2 50. Bb3 Rd4 51. Rd7 Rd3 52. Bc4 Rc3 53. Be2 Re3 54. Bc4 Re4 55. Bb3 Re5+ 56. Kh4 Ng6+ 57. Kh3 Re3+ 0-1

[Event "*** Qualifier 4: Titled Tuesday 3|2 Blitz"]
[Site "Chess.com"]
[Date "2017.04.25"]
[Round "2"]
[White "prochn"]
[Black "Ilja_Semjonovs"]
[Result "0-1"]
[WhiteElo "2212"]
[BlackElo "2251"]
[TimeControl "180+2"]
[EndTime "13:22:47 PDT"]
[Termination "Ilja_Semjonovs won on time"]

1. d4 Nf6 2. c4 c5 3. d5 b5 4.
cxb5 a6 5. bxa6 g6 6. Nc3 Bg7 7. Nf3 O-O 8. g3 d6 9. Bg2 Nxa6 10. O-O Nc7 11. e4 Ba6 12. Re1 Nd7 13. Qc2 Nb5 14.
Nxb5 Bxb5 15. Bd2 Qb6 16. Bc3 Bxc3 17. Qxc3 f6 18. Nd2 Rfb8 19. b3 Ne5 20. Kh1 Nd3 21.
Rf1 Nb4 22. a3 Bxf1 23. Bxf1 Na6 24.
Bc4 Nc7 25. a4 Na6 26. f4 Nb4 27. Rf1 Rf8 28. f5 g5 29. g4 Kg7 30. Rf3 Rh8 31. Rh3 Qa5 32. Nf3 h6 33. Nd2 Na2 34. Qb2 Nb4 35. Kg1 Qd8 36. Bb5 Qf8 37. Rh5 Qf7 38. Nc4 Qf8 39. Qc3 Qd8 40. Kf1 Rb8 41. Rh3 h5 42. gxh5 Qf8 43. Ne3 Qf7 44. Be2 Na2 45.
Qb2 Nb4 46. Rg3 Rxh5 47. Bxh5 Qxh5 48. Ng4 Kf7 49. Qc3 Na2 50. Qa5 Nc1 51. Kg1 Rxb3 52. Rxb3 Nxb3 0-1

[Event "*** Qualifier 4: Titled Tuesday 3|2 Blitz"]
[Site "Chess.com"]
[Date "2017.04.25"]
[Round "2"]
[White "Gabrielian_Artur"]
[Black "IIIlllII1llIl"]
[Result "0-1"]
[WhiteElo "2581"]
[BlackElo "2545"]
[TimeControl "180+2"]
[EndTime "13:22:48 PDT"]
[Termination "IIIlllII1llIl won by checkmate"]

1. d4 Nf6 2. c4 c5 3. d5 e6 4. Nc3 exd5 5. cxd5 d6 6. Nf3 g6 7. Bf4 Bg7 8. e3 O-O 9. h3 Na6 10. Be2 Nc7 11. O-O a6 12. a4 Rb8 13.
a5 b5 14. axb6 Rxb6 15. Ra2 Nfxd5 16. Nxd5 Nxd5 17. Bg5 Qe8 18. Qc1 Nb4 19. Ra3 Qc6 20.
Nd2 Be6 21. Nc4 Bxc4 22. Bxc4 d5 23. Be2 c4 24. Rd1 Qc5 25. Bf4 Re8 26. Bf1 Ra8 27. e4 Bxb2 28. Qxb2 Nd3 29. Qa2 Nxf4 30. exd5 c3 31.
Rb3 Rab8 32. Rxb6 Rxb6 33. Qa4 c2 34. Rc1 Nxd5 35. Rxc2 Qd6 36. Qd4 Nf6 37. Qxd6 Rxd6 38. Ra2 Rd1 39. Rxa6 Ne4 40. g3 Nd2 41. Kg2 Rxf1 42.
Rd6 Rd1 43. h4 Kg7 44. g4 h6 45. g5 hxg5 46. hxg5 Kf8 47. f4 Nc4 48. Rxd1 Ne3+ 49. Kf3 Nxd1 50. Ke4 Nf2+ 51. Kf3 Nd3 52. Ke4 Nc5+ 53.
Ke5 Ne6 54. f5 gxf5 55. Kxf5 Kg7 56. Kg4 Kg6 57. Kh4 Nxg5 58. Kg4 f5+ 59. Kf4 Ne6+ 60. Kf3 Kg5 61. Kg3 f4+ 62. Kf3 Nd4+ 63. Kf2 Kg4 64.
Kg2 f3+ 65. Kf2 Nf5 66. Kf1 Kg3 67. Kg1 f2+ 68. Kf1 Ne3+ 69. Ke2 f1=Q+ 70. Kxe3 Qe1+ 71. Kd3 Kf4 72. Kd4 Qd2+ 73. Kc4 Ke5 74. Kc5 Qc3+ 75. Kb5 Kd6 76. Kb6 Qb4+ 77. Ka6 Kc7 78. Ka7 Qa4# 0-1

[Event "*** Qualifier 4: Titled Tuesday 3|2 Blitz"]
[Site "Chess.com"]
[Date "2017.04.25"]
[Round "2"]
[White "Wolverine_master"]
[Black "aRk_iN"]
[Result "1/2-1/2"]
[WhiteElo "1990"]
[BlackElo "2099"]
[TimeControl "180+2"]
[EndTime "13:22:50 PDT"]
[Termination "Game drawn - insufficient material"]

1. Nf3 Nf6 2. c4 c5 3. g3 g6 4. Bg2 Bg7 5. Nc3 Nc6 6. O-O O-O 7. d3 d5 8. cxd5 Nxd5 9. Nxd5 Qxd5 10. Be3 Qd6 11.
Qc1 b6 12. Bh6 Bb7 13. Bxg7 Kxg7 14. Qc3+ Kg8 15. Rfd1 Rad8 16. Rac1 e5 17. Ng5 Nd4 18. Re1 Bxg2 19. Kxg2 Qd5+ 20. Kg1 h6 21. Ne4 f5 22. Nd2 e4 23. Qc4 Qxc4 24. dxc4 Nc6 25. Nb3 Rd7 26.
Rcd1 Rfd8 27. Rxd7 Rxd7 28. Kf1 Kf7 29. e3 Nb4 30. a3 Nd3 31. Rb1 Ne5 32. Ke2 Ng4 33. h3 Ne5 34. Nd2 Ke6 35. b3 g5 36. Rd1 Rd3 37.
Rb1 a6 38. f4 Nc6 39. b4 cxb4 40. axb4 b5 41. cxb5 axb5 42. Nb3 Kd5 43. Nc5 Ra3 44.
fxg5 hxg5 45. h4 Ra2+ 46. Kf1 gxh4 47. gxh4 Rh2 48. Na6 Rxh4 49. Rd1+ Ke5 50. Nc7 Rh1+ 51. Ke2 Rxd1 52. Kxd1 Nxb4 53. Nxb5 Nd5 54. Ke2 f4 55. exf4+ Kxf4 56. Nd4 e3 57. Nc2 Nc3+ 58. Ke1 e2 59.
Nd4 Ke3 60. Nxe2 Nxe2 1/2-1/2

[Event "*** Qualifier 4: Titled Tuesday 3|2 Blitz"]
[Site "Chess.com"]
[Date "2017.04.25"]
[Round "2"]
[White "SergeiAza"]
[Black "ViIIagra"]
[Result "1-0"]
[WhiteElo "2664"]
[BlackElo "2493"]
[TimeControl "180+2"]
[EndTime "13:22:55 PDT"]
[Termination "SergeiAza won by resignation"]

1. e4 c5 2. Nf3 d6 3. d4 cxd4 4.
Nxd4 Nf6 5. Nc3 Nc6 6. Bc4 Qb6 7.
Nb3 e6 8. Bf4 Ne5 9. Be2 a6 10.
g4 Qc7 11. g5 Nfd7 12. Be3 b5 13. Qd4 Bb7 14. O-O-O Rc8 15. Kb1 Nc5 16. f4 Nc6 17. Qd2 b4 18. Nxc5 bxc3 19. Qxc3 dxc5 20. f5 Qe5 21. Qb3 Rb8 22. Qa4 Be7 23. Rhf1 Ba8 24. b3 Rb4 25. Qxa6 Bb7 26. Qd3 O-O 27. f6 gxf6 28. gxf6 Bxf6 29. Rxf6 Qxf6 30. Bxc5 Rd8 31. Qg3+ Kh8 32. Rxd8+ Qxd8 33. Bxb4 Nxb4 34. Qc3+ Kg8 35. Qxb4 Qc7 36. Bd3 Ba8 37. Qc4 Qb8 38. a4 Kf8 39.
a5 Ke7 40. h4 Qa7 41. Qb4+ Kf6 42. Qb6 Qxb6 43. axb6 Bb7 44. Kb2 Ke5 45. b4 f5 46.
exf5 exf5 47. Kb3 h6 48. c4 f4 49. c5 Kd4 50. Bf1 Bc6 51. b5 Kxc5 52. bxc6 Kxc6 53.
Kc4 Kxb6 54. Kd5 Kc7 55. Ke6 Kd8 56. Kf7 Kd7 57. h5 Kd8 58. Bc4 f3 59. Kg7 Ke7 60.
Kxh6 Kf8 61. Kh7 f2 62. h6 1-0

[Event "*** Qualifier 4: Titled Tuesday 3|2 Blitz"]
[Site "Chess.com"]
[Date "2017.04.25"]
[Round "2"]
[White "GulamaliRises"]
[Black "Sebastian"]
[Result "1/2-1/2"]
[WhiteElo "2485"]
[BlackElo "2735"]
[TimeControl "180+2"]
[EndTime "13:22:57 PDT"]
[Termination "Game drawn by repetition"]

1. e4 e5 2. Nf3 Nc6 3. d4 exd4 4.
Nxd4 Bc5 5. Be3 Qf6 6. c3 Nge7 7.
Bc4 O-O 8. O-O b6 9. Nc2 Ne5 10. Be2 Bb7 11. f4 N5g6 12. e5 Qc6 13. Bf3 Bxe3+ 14.
Nxe3 Qc5 15. Qd4 Bxf3 16. Rxf3 d6 17. b4 Qxd4 18. cxd4 dxe5 19. dxe5 Rad8 20. Nc3 Nh4 21. Rh3 Nhf5 22. Nxf5 Nxf5 23. g4 Nd4 24. Rc1 f6 25. exf6 Rxf6 26. f5 g6 27. Ne4 Rf7 28. Rf1 gxf5 29.
gxf5 Re8 30. Rh4 Nxf5 31. Rhf4 Ref8 32. Ng5 Rf6 33. Kh1 h6 34. Ne4 R6f7 35. Rg1+ Rg7 36.
Rgf1 Rgf7 37. Rg1+ Ng7 38. Rfg4 Kh7 39. Ng3 Rf4 40.
Rxf4 Rxf4 41. a3 h5 42. Rc1 h4 43. Ne2 Re4 44. Ng1 Ne6 45. Rc3 Kg6 46. Kg2 Kf5 47.
Nh3 c5 48. bxc5 bxc5 49. Nf2 Rd4 50. Kf3 c4 51. Ke3 Rf4 52. Nd1 Re4+ 53. Kd2 Rd4+ 54. Kc2 Nf4 55. Ne3+ Ke4 56. Nxc4 Nd5 57. Nd2+ Rxd2+ 58.
Kxd2 Nxc3 59. Kxc3 Kf3 60. Kd3 Kg2 61. Ke3 Kxh2 62.
Kf2 a5 63. a4 h3 64. Kf1 Kg3 65. Kg1 Kf3 66. Kh2 Ke4 67. Kxh3 Kd4 68. Kg2 Kc4 69. Kf2 Kb4 70. Ke2 Kxa4 71. Kd2 Kb3 72. Kc1 Ka2 73.
Kc2 a4 74. Kc1 a3 75. Kc2 Ka1 76. Kc1 Ka2 77. Kc2 Ka1 78. Kc1 Ka2 1/2-1/2

[Event "*** Qualifier 4: Titled Tuesday 3|2 Blitz"]
[Site "Chess.com"]
[Date "2017.04.25"]
[Round "2"]
[White "Bengalas"]
[Black "severomorskij"]
[Result "0-1"]
[WhiteElo "2440"]
[BlackElo "2654"]
[TimeControl "180+2"]
[EndTime "13:23:00 PDT"]
[Termination "severomorskij won by resignation"]

1. d4 Nf6 2. c4 e6 3. Nc3 Bb4 4. Qc2 d5 5. cxd5 exd5 6. Bg5 h6 7. Bxf6 Qxf6 8. Nf3 O-O 9. e3 c6 10. Bd3 Bd6 11.
h3 Re8 12. O-O-O Na6 13. Bxa6 bxa6 14. Na4 Bf5 15. Qc3 Be4 16. Nc5 Bxf3 17. gxf3 Bxc5 18.
Qxc5 Qxf3 19. Qc2 Re6 20. Kb1 Rf6 21. Rh2 Rb8 22. Rc1 Rb6 23. Qd3 g6 24. h4 h5 25.
Rg1 Kg7 26. Rg3 Qe4 27. Qxe4 dxe4 28. Rg1 Rb5 29. Rc1 Rbf5 30. Rc2 a5 31. Kc1 c5 32. dxc5 Rc6 33. Rh1 Rfxc5 34. Rxc5 Rxc5+ 35. Kd2 Rd5+ 36. Ke2 Rb5 37. Rb1 a4 38. b3 axb3 39. axb3 a5 40. Ra1 g5 41. hxg5 Rxg5 42. Ra4 Re5 43. Kf1 Kg6 44.
Kg2 Rb5 45. Kg3 f6 46. Kf4 Rf5+ 47. Kg3 Rg5+ 48. Kh2 Rb5 49. Kg3 Kg5 50. Kh3 f5 51. Kg3 h4+ 52. Kh3 Kh5 53. Ra2 Kg5 54. Ra4 Rxb3 55. Rxa5 Rb2 56. Kg2 Kg4 57. Ra8 h3+ 58.
Kg1 Kf3 59. Rf8 h2+ 60. Kxh2 Rxf2+ 61. Kg1 Kxe3 0-1

[Event "*** Qualifier 4: Titled Tuesday 3|2 Blitz"]
[Site "Chess.com"]
[Date "2017.04.25"]
[Round "2"]
[White "Cayse"]
[Black "Blitzstream"]
[Result "1-0"]
[WhiteElo "2634"]
[BlackElo "2449"]
[TimeControl "180+2"]
[EndTime "13:23:00 PDT"]
[Termination "Cayse won by checkmate"]

1. e4 g6 2. d4 Bg7 3. Nc3 e6 4. f4 Ne7 5. Nf3 d6 6. Bd3 b6 7. O-O Bb7 8. Qe2 Nd7 9. e5 d5 10.
Qf2 a6 11. Ne2 c5 12. c3 Nc6 13. Kh1 Qc7 14. b3 h6 15. Be3 c4 16. bxc4 dxc4 17. Bc2 Ne7 18. Ng3 Nd5 19. Ne4 Bf8 20. a4 Be7 21.
Bc1 Qc6 22. Ba3 Nxf4 23. Bxe7 Kxe7 24. Qh4+ g5 25. Nfxg5 Nxg2 26. Rxf7+ Ke8 27. Qh5 Kd8 28. Kxg2 Kc7 29. Nf3 Raf8 30. Rf1 b5 31. a5 b4 32. cxb4 c3 33. Rxf8 Rxf8 34. Qxh6 Qb5 35. Qe3 Qxb4 36.
Qxc3+ Qxc3 37. Nxc3 Nb8 38. Be4 Bc8 39. d5 Rg8+ 40.
Kf2 Nd7 41. d6+ Kd8 42. Ke3 Rf8 43. Rg1 Rh8 44. Rg7 Nc5 45. Ne2 Bd7 46. Ned4 Rh3 47. Rg8+ Be8 48. Bg6 Nb7 49. Nxe6+ Kd7 50. Nf4 Rh6 51.
Bxe8+ Kc8 52. Bb5+ Nd8 53. Bxa6+ Kd7 54. Bb5+ Kc8 55.
Rxd8+ Kxd8 56. a6 Rh7 57. d7 Rh6 58. a7 Rc6 59. Bxc6 Ke7 60. d8=Q+ Kf7 61. Qe8+ Kg7 62.
Qe7+ Kh6 63. Qf6+ Kh7 64. Be4+ Kg8 65. Bd5+ Kh7 66. Qg6+ Kh8 67. Qg8# 1-0

[Event "*** Qualifier 4: Titled Tuesday 3|2 Blitz"]
[Site "Chess.com"]
[Date "2017.04.25"]
[Round "2"]
[White "matiss90"]
[Black "peteseeger"]
[Result "1-0"]
[WhiteElo "2307"]
[BlackElo "2110"]
[TimeControl "180+2"]
[EndTime "13:23:07 PDT"]
[Termination "matiss90 won by resignation"]

1. e4 g6 2. d4 Bg7 3. Nc3 c6 4. h3 d6 5. f4 e5 6. Nf3 exd4 7. Nxd4 Qh4+ 8. Ke2 Nd7 9. Nf3 Qe7 10.
g3 Ngf6 11. Bg2 Nc5 12. Re1 Nfxe4 13. Nxe4 Nxe4 14. Kf1 d5 15. Kg1 O-O 16. Kh2 Be6 17. c3 f5 18. Be3 c5 19. Rc1 Rad8 20. Qa4 b6 21. Qa3 h6 22. b4 d4 23. cxd4 cxd4 24. Bg1 d3 25. Rcd1 d2 26. Re3 a5 27.
Qa4 Qxb4 28. Qxb4 axb4 29. Nxd2 Nc3 30. Rxe6 Nxd1 31. Nc4 Kh7 32. Rxb6 Rc8 33. Rxb4 Rfd8 34. h4 Nc3 35. h5 gxh5 36. Bh3 Rd5 37. Nd6 Rf8 38.
Nc4 Ne4 39. Rb7 Kg6 40. a4 h4 41. gxh4 h5 42. a5 Bh6 43. Be3 Nd6 44. Rb6 Rf6 45. Ne5+ Kh7 46. a6 Ra5 47. Rxd6 Rxd6 48. Bxf5+ Kh8 49.
Nf7+ Kg7 50. Nxd6 Rxa6 51. Bd4+ Kf8 52. Bc5 Rc6 53. Ne4+ Kf7 54. Kg3 Bg7 55. Be3 Rc2 56.
Ng5+ Ke8 57. Bxc2 1-0

[Event "*** Qualifier 4: Titled Tuesday 3|2 Blitz"]
[Site "Chess.com"]
[Date "2017.04.25"]
[Round "2"]
[White "Goala"]
[Black "Aygehovit1992"]
[Result "1-0"]
[WhiteElo "2358"]
[BlackElo "2466"]
[TimeControl "180+2"]
[EndTime "13:23:09 PDT"]
[Termination "Goala won by checkmate"]

1. d4 Nf6 2. c4 c6 3. Nc3 d5 4. e3 g6 5. Nf3 Bg7 6. Be2 O-O 7. O-O a6 8. h3 b5 9. b3 Nbd7 10. Bb2 bxc4 11. bxc4 Rb8 12. Qc2 e6 13. Rfc1 a5 14. cxd5 cxd5 15. Ba3 Re8 16. Nb5 Bf8 17. Bd6 Bxd6 18. Nxd6 Rf8 19. Rab1 Rxb1 20. Rxb1 Ne4 21. Nxe4 dxe4 22. Qxe4 Nf6 23. Qc6 Bd7 24. Qb6 Qxb6 25. Rxb6 Rc8 26. Ne5 Rc1+ 27. Kh2 Rc2 28. Bc4 Rxf2 29. Rb8+ Kg7 30. Rb7 Be8 31. Bxe6 Ne4 32.
Bd5 Nc3 33. Bc4 Nd1 34. Kg1 Rf6 35.
Re7 Ba4 36. Rxf7+ Rxf7 37. Nxf7 Nxe3 38. Nd6 Bc6 39. Kf2 Nxc4 40. Nxc4 a4 41. a3 Kf6 42. g3 Ke6 43. Ke3 Bg2 44. h4 Kf5 45. Nb6 Bc6 46. d5 Be8 47. Kd4 Kg4 48. d6 Kxg3 49. d7 Bxd7 50. Nxd7 Kxh4 51. Nc5 g5 52. Nxa4 g4 53. Nc3 g3 54. a4 Kg4 55. a5 h5 56. a6 h4 57. a7 g2 58. Ne2 Kf3 59. a8=Q+ Kf2 60. Qe4 h3 61. Qe3+ Kf1 62. Ng3# 1-0

[Event "*** Qualifier 4: Titled Tuesday 3|2 Blitz"]
[Site "Chess.com"]
[Date "2017.04.25"]
[Round "2"]
[White "tihanaivekovic223"]
[Black "arna"]
[Result "1/2-1/2"]
[WhiteElo "1997"]
[BlackElo "2082"]
[TimeControl "180+2"]
[EndTime "13:23:17 PDT"]
[Termination "Game drawn - insufficient material"]

1. e4 c5 2. Nf3 Nc6 3. d4 cxd4 4.
Nxd4 e5 5. Nb5 d6 6. N1c3 a6 7. Na3 Be7 8. Nc4 b5 9. Ne3 Nf6 10. g3 O-O 11. Bg2 Bb7 12. O-O Rc8 13. Ned5 Nxd5 14.
Nxd5 Bg5 15. Bxg5 Qxg5 16. f4 Qd8 17. f5 f6 18. g4 Ne7 19. c3 Nxd5 20. exd5 Qb6+ 21.
Kh1 Rc4 22. Rc1 Rfc8 23. h3 b4 24. Qd2 Qc7 25. g5 bxc3 26. bxc3 Rxc3 27. Rxc3 Qxc3 28.
Qxc3 Rxc3 29. gxf6 gxf6 30. Rb1 Bc8 31. Rb6 Bxf5 32.
Rxd6 Bxh3 33. Bxh3 Rxh3+ 34. Kg2 Ra3 35. Rxf6 e4 36. d6 Rxa2+ 37. Kg3 Kg7 38. d7 Rd2 39. Rxa6 Rxd7 40. Re6 Rd4 41. Kf4 e3+ 42. Kxe3 Rg4 43.
Kf3 Rg1 44. Re2 Kf6 45. Rh2 Rg7 46. Kf2 Ke5 47. Rh6 Kf5 48. Rh5+ Kg6 49. Rh3 Rc7 50. Rg3+ Kf5 51. Ra3 h5 52. Ra4 Rc3 53. Kg2 Kg5 54. Kh2 Rc5 55. Kg2 Rf5 56. Rb4 h4 57. Rb8 Kg4 58.
Rg8+ Kf4 59. Rh8 Rg5+ 60. Kh2 Kg4 61. Rh7 Rf5 62. Rg7+ Kh5 63. Rh7+ Kg6 64. Rxh4 Rh5 65. Rxh5 Kxh5 1/2-1/2

[Event "*** Qualifier 4: Titled Tuesday 3|2 Blitz"]
[Site "Chess.com"]
[Date "2017.04.25"]
[Round "2"]
[White "Journey_to_GrandMaster_YT"]
[Black "poummba"]
[Result "1/2-1/2"]
[WhiteElo "2291"]
[BlackElo "2361"]
[TimeControl "180+2"]
[EndTime "13:23:20 PDT"]
[Termination "Game drawn by agreement"]

1. d4 g6 2. e4 Bg7 3. Nf3 d6 4. Be2 Nf6 5. Nc3 c6 6. O-O O-O 7. h3 Nbd7 8. Be3 b5 9. e5 Ne8 10.
exd6 Nxd6 11. d5 b4 12. dxc6 bxc3 13. cxd7 Bxd7 14. bxc3 Ne4 15. Bd3 Nxc3 16. Qd2 Nd5 17. Bh6 Bxa1 18. Bxf8 Bc3 19. Qg5 Kxf8 20. Qxd5 Be6 21.
Qc5 Qc8 22. Qa3 Bf6 23. Be4 Rb8 24. Qxa7 Rb2 25. Nd4 Rxa2 26. Qb6 Bc4 27. Rb1 Ra6 28. Qb8 Qxb8 29. Rxb8+ Kg7 30. Nf3 Ra1+ 31. Kh2 Be2 32. Rb7 Rf1 33. Kg3 h5 34. h4 Rh1 35. Ng5 Be5+ 36. f4 Bd6 37. Bf3 Bxf3 38. Nxf3 Rc1 39. Rb2 Ra1 40. Nd2 Ra4 41. c4 Bb4 42. Ne4 Be1+ 43. Kf3 Rxc4 44. Rb7 Bb4 45. g3 Ba3 46. Rb3 Bd6 47. Rd3 Bc7 48. Rd7 Kf8 49. Rd5 Ke8 50. f5 Ra4 51. fxg6 fxg6 52. Rc5 Ra3+ 53. Kg2 Bd6 54. Rd5 Ra6 55. Kh3 Kf7 56. Ng5+ Kf6 57. Ne4+ Ke6 58. Rg5 Kf7 59. Rd5 Rb6 60. Rd3 Rb4 61.
Nxd6+ exd6 62. Rxd6 Ra4 63. Rb6 Rc4 64. Kg2 Re4 65. Ra6 Rb4 1/2-1/2

[Event "*** Qualifier 4: Titled Tuesday 3|2 Blitz"]
[Site "Chess.com"]
[Date "2017.04.25"]
[Round "2"]
[White "MasterLeif"]
[Black "SerGo055"]
[Result "0-1"]
[WhiteElo "2291"]
[BlackElo "2332"]
[TimeControl "180+2"]
[EndTime "13:23:31 PDT"]
[Termination "SerGo055 won by resignation"]

1. d4 Nf6 2. Bf4 d5 3. Nf3 Bf5 4. e3 e6 5. Bd3 Bd6 6. Bxd6 Qxd6 7. O-O O-O 8. Bxf5 exf5 9. Ne5 Nbd7 10. f4 Ne4 11.
Nd2 f6 12. Nxd7 Qxd7 13. Nxe4 fxe4 14. Qh5 g6 15. Qh6 Qg7 16. Qh3 Rac8 17. c4 c5 18. cxd5 cxd4 19. Qe6+ Qf7 20. Qxe4 dxe3 21. Qxe3 Qxd5 22.
Qxa7 Rc2 23. Rf2 Rfc8 24. Raf1 Rxf2 25. Qxf2 Qxa2 26. Qd4 Qe6 27. f5 gxf5 28. h3 Kg7 29.
Rf3 Rc1+ 30. Kh2 Kf7 31. Re3 Rc4 32. Qa7 Qc6 33. Rg3 f4 34. Rf3 Rc2 35. Qa3 Kg7 36.
Qe7+ Kg6 37. Qa3 h5 38. Qd3+ Kg7 39. b4 b5 40. Qa3 Qe4 41. Qa7+ Kg6 42. Qa3 Re2 43. Qc3 Re3 44. Qc8 Rxf3 45. Qg8+ Kf5 46. Qh7+ Ke5 47. Qxh5+ f5 48. Qxf3 Qxb4 49. h4 Qe4 50. Qc3+ Qd4 51. Qc7+ Qd6 52. Qb7 b4 53. h5 Kf6 54. h6 f3+ 55. Kh3 f2 56. Qg7+ Ke6 57.
Qg6+ Ke7 58. Qg7+ Ke6 59. Qg6+ Kd7 60. Qxf5+ Qe6 61. Qxe6+ Kxe6 62. h7 f1=Q 63. Kh2 Qf6 64. h8=Q 0-1